 Dungeon Crawl Stone Soup version 0.29-a0-330-g52719c12eb (webtiles) character file.

Game seed: 7331510342438616078

173 sammy202020 the Skirmisher (level 5, 0/34 HPs)
             Began as a Gargoyle Berserker on Apr 12, 2022.
             Was a Believer of Trog.
             Slain by a river rat (6 damage)
             ... in a sewer.
             The game lasted 00:04:26 (2779 turns).

sammy202020 the Skirmisher (Gargoyle Berserker)     Turns: 2779, Time: 00:04:27

Health: 0/34       AC: 18    Str: 20    XL:     5   Next: 53%
Magic:  5/5        EV:  4    Int: 10    God:    Trog [**....]
Gold:   60         SH:  7    Dex:  9    Spells: 4/4 levels left

rFire   . . .      SeeInvis .   a - +0 mace
rCold   . . .      Faith    .   f - +0 kite shield
rNeg    + . .      Spirit   .   i - +1 plate armour
rPois   ∞          Reflect  .   (no helmet)
rElec   +          Harm     .   d - +0 cloak
rCorr   .          Rampage  .   l - +0 pair of gloves
Will    .....                   (no boots)
Stlth   ..........              (no amulet)
HPRegen 0.11/turn               (no ring)
MPRegen 0.09/turn               (no ring)

@: no status effects
A: sickness immunity, AC +4, negative energy resistance 1, electricity
resistance, torment resistance 1, petrification resistance
a: Renounce Religion, Berserk, Trog's Hand


You were in a sewer.
You worshipped Trog.
Trog was pleased with you.
You visited 1 branch of the dungeon, and saw 3 of its levels.
You also visited: Sewer.

You collected 60 gold pieces.

Inventory:

Hand Weapons
 a - a +0 mace (weapon)
 j - a +0 hunting sling
Missiles
 e - 2 poisoned darts (quivered)
 m - 4 datura-tipped darts
Armour
 d - a +0 cloak (worn)
 f - a +0 kite shield (worn)
 i - a +1 plate armour (worn)
 l - a +0 pair of gloves (worn)
Scrolls
 b - a scroll of teleportation {unknown}
 k - a scroll of blinking {unknown}
Potions
 c - 2 potions of might {unknown}
 g - 2 potions of brilliance {unknown}
 h - a potion of haste {unknown}
 n - a potion of flight {unknown}


   Skills:
 * Level 4.7 Fighting
 * Level 4.3 Maces & Flails
 + Level 3.2 Armour
 - Level 1.5 Dodging
 + Level 1.5 Shields


You had 4 spell levels left.
You didn't know any spells.
Your spell library was empty.

Dungeon Overview and Level Annotations

Branches:
Dungeon (3/15)              Sewer (1/1)

Altars:
Yredelemnul


Innate Abilities, Weirdness & Mutations

You are immune to sickness and miasma.
Your stone body is resilient. (AC +4)
You are immune to poison.
You resist negative energy. (rN+)
You are resistant to electric shocks. (rElec)
You are resistant to unholy torment.
You are immune to petrification.


Message History

You are no longer berserk.
You are exhausted.
You feel yourself slow down.
You start resting.
A river rat comes into view.
A river rat is nearby!
A river rat is nearby!
You feel yourself speed up. The river rat bites you.
* * * LOW HITPOINT WARNING * * *
You hit the river rat.
The river rat is heavily wounded.
You block the river rat's attack.
The river rat bites you but does no damage.
You fail to use your ability.
A river rat comes into view.
You block the river rat's attack.
Your unstable footing causes you to fumble your attack.
The river rat bites you but does no damage.
The river rat bites you but does no damage.
You block the river rat's attack.
There is an empty arch of ancient stone here.
You closely miss the river rat.
The river rat is heavily wounded.
The river rat bites you but does no damage. x2
You barely miss the river rat.
The river rat is heavily wounded.
You block the river rat's attack.
The river rat bites you but does no damage.
You closely miss the river rat.
The river rat is heavily wounded.
You recover from your berserk rage.
The river rat barely misses you. You block the river rat's attack. x2
The river rat bites you but does no damage.
You sock the river rat!
You kill the river rat!
Trog accepts your kill.
The river rat bites you but does no damage.
You hit the river rat but do no damage. The river rat bites you.
You die...

..... ... ...
#≈# #≈# #≈#
##≈## ##.≈.##
#≈.@r.#
≈≈≈≈≈≈≈∩.≈≈≈≈≈≈.
##≈##≈...≈####..
# ##.≈≈## ##≈##
#≈# #≈# #≈#


You could see a river rat.

Vanquished Creatures
  An orc wizard (D:2)
  5 adders
  4 river rats
  2 worms
  2 dart slugs
  4 orcs (D:2)
  5 ball pythons
  5 bats
  2 endoplasms
  2 giant cockroaches
  6 goblins
  8 hobgoblins
  3 kobolds
  4 frilled lizards
  8 rats
61 creatures vanquished.

Vanquished Creatures (others)
  A fungus (D:1)
1 creature vanquished.

Grand Total: 62 creatures vanquished

Notes
Turn   | Place    | Note
-------+----------+-------------------------------------------
     0 | D:1      | sammy202020 the Gargoyle Berserker began the quest for the
                  | Orb.
     0 | D:1      | Reached XP level 1. HP: 14/14 MP: 1/1
   362 | D:1      | Reached XP level 2. HP: 19/19 MP: 2/2
   408 | D:1      | You fall into a shaft and drop 1 floor!
   693 | D:1      | Found a faded altar of an unknown god.
   942 | D:1      | Reached ** piety under Trog
   995 | D:1      | Reached XP level 3. HP: 24/24 MP: 3/3
  1702 | D:2      | Found a basalt altar of Yredelemnul.
  1902 | D:2      | Reached XP level 4. HP: 29/29 MP: 4/4
  1926 | D:2      | Reached skill level 1 in Shields
  2449 | D:3      | Identified the +4 spear of Eternal War {elec, rF+ MP+9}
  2484 | D:3      | Reached XP level 5. HP: 31/34 MP: 5/5
  2720 | D:3      | Found a glowing drain.
  2725 | Sewer    | Entered a sewer
  2779 | Sewer    | Slain by a river rat

Illustrated notes

Levels and vault maps discovered:
D:1:      minmay_arrival_widening_spiral_wide, layout_basic,
          shapermc_ecumenical_altar_mp_ritualfount, item_on_display_b
D:2:      layout_basic, basic_altar
D:3:      layout_basic, portal_sewer_entry_e, serial_bayou_pond_d
Sewer:    sewer_co_15_rooms

Skill      XL: |  1  2  3  4 |
---------------+-------------+-----
Fighting       | 4 |  4.7
Shields        | 1 |  1.5
Maces & Flails | 4 |  4.3
Armour         | 3 |  3.2
Dodging        | |  1.5

Action                   |  1- 3 |  4- 6 || total
-------------------------+-------+-------++-------
Melee: Mace              |   116 |   134 ||   250
       Punch             |     1 |       ||     1
Invok: Berserk           |       |     3 ||     3
       Trog's Hand       |       |     1 ||     1
  Use: Scroll            |     4 |       ||     4
Armor: Animal skin       |     4 |       ||     4
       Ring mail         |    23 |       ||    23
       Plate armour      |    50 |   169 ||   219
Dodge: Dodged            |    36 |    27 ||    63
Block: Kite shield       |    13 |    72 ||    85

Table legend: (Time is in decaauts)
 A = Elapsed time spent in this place.
 B = Non-inter-level travel time spent in this place.
 C = Inter-level travel time spent in this place.
 D = Time resting spent in this place.
 E = Time spent auto-exploring this place.
 F = Levels seen in this place.
 G = Mean time per level.
                   A        B        C        D        E       F      G
               +--------+--------+--------+--------+--------+-----+--------+
         Total |   2886 |   2738 |    148 |     25 |   2077 |   4 |  721.5 |
       Dungeon |   2817 |   2669 |    148 |      0 |   2077 |   3 |  939.0 |
         Sewer |     69 |     69 |      0 |     25 |      0 |   1 |   69.0 |
               +--------+--------+--------+--------+--------+-----+--------+

Top non-repeatable levels by time:
     D:2: 1258 daAuts
     D:1: 1169 daAuts
     D:3: 388 daAuts
   Sewer: 69 daAuts
